 Dungeon Crawl Stone Soup version 0.30-a0-354-g6b83867211 (webtiles) character file.

Game seed: 16613507038958008548

2961 greasedhog the Spear-Bearer (level 10, 0/71 (75) HPs)
             Began as a Formicid Fighter on Nov 8, 2022.
             Was an Initiate of Qazlal.
             Slain by a yak (12 damage)
             ... on level 7 of the Dungeon.
             The game lasted 00:12:58 (7607 turns).

greasedhog the Spear-Bearer (Formicid Fighter)      Turns: 7607, Time: 00:12:59

HP:   0/71 (75)     AC: 17    Str: 25    XL:     10   Next: 8%
MP:   0/12          EV:  8    Int:  8    God:    Qazlal [......]
Gold: 308           SH:  5    Dex: 13    Spells: 9/9 levels left

rFire   . . .      SeeInvis +    a - +0 trident
rCold   + . .      Faith    .    c - +0 buckler
rNeg    . . .      Spirit   +    g - +0 plate armour
rPois   +          Reflect  .    (helmet unavailable)
rElec   +          Harm     +    B - +0 cloak
rCorr   +          Rampage  .    r - +0 pair of gloves "Xuis" {Harm +Blink rElec rCorr}
Will    +....                    (no boots)
Stlth   ..........               e - amulet of guardian spirit
HPRegen 0.31/turn                (no ring)
MPRegen 0.13/turn                (no ring)

@: drained
A: permanent stasis, dig shafts and tunnels, antennae 3, four strong arms,
iridescent scales 1, cold resistance 1, poison resistance
a: Dig, Shaft Self, Renounce Religion


You were on level 7 of the Dungeon.
You worshipped Qazlal.
Qazlal was noncommittal.
You visited 2 branches of the dungeon, and saw 9 of its levels.
You also visited: Sewer.

You collected 358 gold pieces.
You spent 50 gold pieces at shops.

Inventory:

Hand Weapons
 a - a +0 trident (weapon)
Missiles
 x - 2 curare-tipped darts (quivered)
Armour
 c - a +0 buckler (worn)
 g - a +0 plate armour (worn)
 r - the +0 pair of gloves "Xuis" (worn) {Harm +Blink rElec rCorr}
   (You acquired it on level 5 of the Dungeon)

   rElec:     It insulates you from electricity.
   +Blink:    It lets you blink.
   rCorr:     It protects you from acid and corrosion.
   Harm:      It increases damage dealt and taken.
 B - a +0 cloak (worn)
Jewellery
 e - an amulet of guardian spirit (around neck)
 C - the amulet "Taohycs" {Reflect Drain rPois rCorr SH+5}
   (You found it on level 6 of the Dungeon)

   [amulet of reflection]

   It reflects blocked missile attacks.
   rPois:     It protects you from poison.
   rCorr:     It protects you from acid and corrosion.
   Drain:     It drains your maximum health when unequipped.
   SH:        It affects your SH (+5).
Wands
 i - a wand of light (1)
 l - a wand of roots (13)
 v - a wand of flame (16)
Scrolls
 j - 3 scrolls of immolation
 n - a scroll of poison
 s - a scroll of enchant armour
 u - a scroll of brand weapon {unknown}
 w - 2 scrolls of enchant weapon
 y - a scroll of fear {unknown}
 A - 2 scrolls of vulnerability {unknown}
Potions
 b - 5 potions of curing {unknown}
 d - 2 potions of might
 f - 2 potions of ambrosia {unknown}
 h - a potion of lignification
 k - 2 potions of invisibility
 m - a potion of brilliance {unknown}
 o - 2 potions of flight {unknown}
 p - a potion of degeneration {unknown}
 q - 4 potions of haste {unknown}
 t - a potion of resistance {unknown}
 z - 3 potions of mutation
 D - a potion of heal wounds {unknown}


   Skills:
 + Level 5.6 Fighting
 * Level 8.3 Polearms
 - Level 5.7 Armour
 - Level 5.3 Dodging
 - Level 5.0 Shields
 * Level 3.5 Invocations
 - Level 5.0 Evocations


You had 9 spell levels left.
You didn't know any spells.
Your spell library contained the following spells:

 Spells                   Type           Power      Damage    Failure   Level
 Dazzling Flash           Conj/Hex       0%         N/A       100%        3
 Ignite Poison            Fire/Tmut/Pois 0%         N/A       100%        3
 Kindle Blastsparks       Fire/Tloc/Air  0%         2d10      100%        3
 Summon Ice Beast         Ice/Summ       0%         N/A       100%        4
 Agony                    Necr           0%         N/A       100%        5
 Freezing Cloud           Conj/Ice/Air   0%         6-21      100%        5
 Silence                  Hex/Air        0%         N/A       100%        5
 Summon Mana Viper        Hex/Summ       0%         N/A       100%        5
 Monstrous Menagerie      Summ           0%         N/A       100%        7


Dungeon Overview and Level Annotations

Branches:
Dungeon (8/15)             Temple (1/1) D:6           Sewer (visited)
   Lair: D:8-11

Altars:
Ashenzari
Cheibriados
Dithmenos
Elyvilon
Fedhas
Gozag
Hepliaklqana
Kikubaaqudgha
Makhleb
Nemelex Xobeh
Okawaru
Qazlal
Ru
Sif Muna
Trog
Uskayaw
Vehumet
Wu Jian
Xom
Yredelemnul
Zin
The Shining One

Shops:
D:3 *   D:5 =   D:6 (


Innate Abilities, Weirdness & Mutations

You cannot be hasted, slowed, berserked, paralysed or teleported.
You can dig through walls and to a lower floor.
You have a pair of large antennae on your head. (SInv)
Your four strong arms can wield two-handed weapons with a shield.
You are partially covered in iridescent scales. (AC +2)
Your flesh is cold resistant. (rC+)
Your system is resistant to poisons. (rPois)


Message History

You hit the yak.
The yak is lightly wounded.
The yak barely misses you.
Aiming: Bolt of Light
Press: ? - help, Shift-Dir - straight line, f - kobold
Aim: a kobold, wielding a +0 short sword and quivering stones (67% to hit)
The bolt of light hits the yak!
The yak is heavily wounded.
The yak is blinded.
The bolt of light misses the yak.
The bolt of light misses the kobold.
You block the yak's attack.
You hit the yak.
The yak is severely wounded.
You block the yak's attack.
You catch the helpless yak completely off-guard!
You hit the yak.
The yak is severely wounded.
The yak barely misses you.
You closely miss the yak.
The yak is severely wounded.
The yak gores you but does no damage.
You barely miss the yak.
The yak is severely wounded.
The yak barely misses you.
You puncture the yak!
The yak is almost dead.
The yak gores you but does no damage.
You hit the yak.
You kill the yak!
Qazlal accepts your kill.
Aiming: Bolt of Light
Press: ? - help, Shift-Dir - straight line, f/p - kobold
Aim: a kobold, wielding a +0 short sword and quivering stones (67% to hit)
The bolt of light hits the yak!!
The yak is severely wounded.
The yak is blinded.
The bolt of light misses the kobold.
The yak gores you!
* * * LOW HITPOINT WARNING * * *
You puncture the yak!
The yak is almost dead.
The yak gores you!
You die...

.....####.#.#....#.##.##.##..#
####.#.............##....##..#
#.#.##.#######.###.#####..#
####..........# #..##........#
.....#..#.###.# ##[(..#####..#
.###.#......#.# ##K.........# .#
#.####.#.#.# ##K########..# .#
#.......<#.###Y## #..# .#
######..##(##@##########..# .#
######.....#..............# .#
#.........................# .#
#.###.#.###..............## .#
#.###...# #..............# .#
#.....### #.###+#..#####.# .#
####..# #........#####.####
#######.<# #####.............##
......#..#########...#####.###..#


You could see a yak (blind), a kobold brigand and a kobold.

Vanquished Creatures
  Eustachio (D:6)
  A wyvern (D:7)
  2 yaks
  2 steam dragons
  Menkaure (D:5)
  Duvessa (D:6)
  An orc warrior (D:7)
  An ogre (D:5)
  Blork the orc (D:6)
  3 bullfrogs
  A gnoll sergeant (D:6)
  A necrophage (D:5)
  2 scorpions (D:5)
  5 wights
  Dowan (D:6)
  2 howler monkeys
  2 jellies
  3 hounds
  An orc priest (D:3)
  Crazy Yiuf (D:6)
  7 iguanas
  2 orc wizards (D:5)
  6 gnolls
  15 adders
  A river rat (D:5)
  2 shadow imps
  4 white imps
  6 ufetubi
  2 worms
  3 dart slugs
  16 orcs
  17 ball pythons
  11 endoplasms
  14 giant cockroaches
  6 goblins
  11 hobgoblins
  3 kobolds
  16 quokkas
  2 bats
  13 frilled lizards
  5 rats
195 creatures vanquished.

Vanquished Creatures (others)
  An orc (D:5)
  7 toadstools (D:1)
8 creatures vanquished.

Grand Total: 203 creatures vanquished

Notes
Turn   | Place    | Note
-------+----------+-------------------------------------------
     0 | D:1      | greasedhog the Formicid Fighter began the quest for the
                  | Orb.
     0 | D:1      | Reached XP level 1. HP: 18/18 MP: 1/1
   154 | D:1      | Reached XP level 2. HP: 24/24 MP: 2/2
   757 | D:2      | Reached XP level 3. HP: 30/30 MP: 3/3
  1163 | D:2      | Reached XP level 4. HP: 25/37 MP: 4/4
  1421 | D:2      | Reached skill level 3 in Polearms
  1574 | D:2      | Gained mutation: Your system is resistant to poisons.
                  | (rPois) [potion of mutation]
  1574 | D:2      | Gained mutation: You are partially covered in iridescent
                  | scales. (AC +2) [potion of mutation]
  1574 | D:2      | Gained mutation: Your flesh is cold resistant. (rC+)
                  | [potion of mutation]
  1613 | D:3      | Reached XP level 5. HP: 32/43 MP: 3/5
  2430 | D:3      | Found Cytisu's Assorted Antiques.
  2444 | D:3      | Bought a scroll of identify for 50 gold pieces
  2775 | D:4      | Reached XP level 6. HP: 47/49 MP: 4/6
  2776 | D:4      | Reached skill level 5 in Shields
  3121 | D:4      | Reached skill level 5 in Fighting
  3251 | D:4      | Reached skill level 4 in Polearms
  3251 | D:4      | Reached skill level 1 in Evocations
  3714 | D:5      | Entered Level 5 of the Dungeon
  3715 | D:5      | Found Iroidghar's Jewellery Shoppe.
  3752 | D:5      | Found a glowing drain.
  3774 | D:5      | Identified the +5 mace of Quantum Leap {protect, Dex+3}
  3785 | Sewer    | Entered a sewer
  3836 | Sewer    | Reached XP level 7. HP: 56/56 MP: 7/7
  4146 | Sewer    | Reached skill level 1 in Dodging
  4177 | Sewer    | Reached skill level 5 in Armour
  4242 | D:5      | Found a shadowy altar of Dithmenos.
  4243 | D:5      | Noticed Menkaure
  4251 | D:5      | Killed Menkaure
  4361 | D:5      | Reached skill level 5 in Polearms
  4509 | D:5      | Reached XP level 8. HP: 62/62 MP: 8/8
  4516 | D:5      | Identified a scroll of acquirement
  4518 | D:5      | Acquired the +0 pair of gloves "Xuis" {Harm +Blink rElec
                  | rCorr}
  4591 | D:5      | Noticed a +0 hand axe
  4593 | D:5      | Noticed a +0 dagger
  4595 | D:5      | Found a hide-covered altar of Uskayaw.
  4871 | D:5      | Reached skill level 6 in Polearms
  5064 | D:5      | Found a broken altar of Ashenzari.
  5064 | D:5      | Found an opulent altar of Gozag.
  5065 | D:5      | Found a white marble altar of Elyvilon.
  5494 | D:6      | Reached XP level 9. HP: 68/68 MP: 9/9
  5628 | D:6      | Noticed Blork the orc
  5641 | D:6      | Killed Blork the orc
  5960 | D:6      | Identified the +2 hammer of Context {spect, rC- Str+9}
  5964 | D:6      | Found a runed translucent door.
  5965 | D:6      | Noticed Crazy Yiuf
  5971 | D:6      | Killed Crazy Yiuf
  5972 | D:6      | Reached skill level 7 in Polearms
  6235 | D:6      | Reached skill level 5 in Dodging
  6246 | D:6      | Noticed Duvessa
  6247 | D:6      | Noticed Dowan
  6264 | D:6      | Killed Duvessa
  6276 | D:6      | Killed Dowan
  6433 | D:6      | Noticed Eustachio
  6444 | D:6      | Found Uloghit's Weapon Shop.
  6460 | D:6      | Killed Eustachio
  6512 | D:6      | Identified the amulet "Taohycs" {Reflect Drain rPois rCorr
                  | SH+5}
  6538 | D:6      | Found a staircase to the Ecumenical Temple.
  6643 | Temple   | Entered the Ecumenical Temple
  6649 | Temple   | Became a worshipper of Qazlal Stormbringer
  6683 | D:7      | Reached skill level 5 in Evocations
  6739 | D:7      | Reached skill level 1 in Invocations
  7380 | D:7      | Reached skill level 8 in Polearms
  7580 | D:8      | Reached XP level 10. HP: 38/74 MP: 5/12
  7607 | D:7      | Slain by a yak

Illustrated notes

Levels and vault maps discovered:
D:1:      nagdon_arrival_double_spiral, layout_loops_ring,
          kennysheep_nondescript
D:2:      layout_loops_cross, roderic_serpentine_path, minmay_diced_spiral
D:3:      layout_basic, serial_shops, shop, reono_crystal_passage
D:4:      layout_loops_cross
D:5:      minmay_opposing_rooms, layout_loops_ring, grunt_temple_overflow_open,
          old_standard_altar, dancing_weapons_uskayaw, portal_sewer_entry_c,
          kennysheep_pointless_box, minmay_shop_enchanted_jewellery,
          uniq_menkaure
D:6:      layout_rooms, minmay_temple_entry_enclosed_plants, serial_shops,
          nicolae_shop_bloodbath_and_beyond, grunt_decor_mini_mirrors,
          uniq_duvessa, uniq_blork_the_orc, uniq_crazy_yiuf_cottage,
          uniq_eustachio
D:7:      layout_basic
D:8:      layout_rooms
Temple:   sentei_temple_godly_chess

Skill      XL: |  1  2  3  4  5  6  7  8  9 |
---------------+----------------------------+-----
Fighting       | 4 5 |  5.6
Polearms       | 3 4 5 6 8 |  8.3
Armour         | 4 5 |  5.7
Shields        | 5 |  5.0
Evocations     | 1 2 3 5 |  5.0
Dodging        | 1 3 5 |  5.3
Invocations    | 3 |  3.5

Action                   |  1- 3 |  4- 6 |  7- 9 | 10-12 || total
-------------------------+-------+-------+-------+-------++-------
Melee: Trident           |    72 |   288 |   544 |    21 ||   925
 Abil: Dig               |       |       |       |     1 ||     1
Evoke: Wand              |       |       |     4 |     2 ||     6
  Use: Scroll            |       |     9 |     4 |       ||    13
       Potion            |       |     1 |       |       ||     1
 Stab: Invisible         |       |       |       |     1 ||     1
Armor: Scale mail        |    25 |    22 |       |       ||    47
       Plate armour      |       |   124 |   332 |    14 ||   470
Dodge: Dodged            |    20 |    87 |   185 |     4 ||   296
Block: Buckler           |    20 |    55 |   144 |     5 ||   224

Table legend: (Time is in decaauts)
 A = Elapsed time spent in this place.
 B = Non-inter-level travel time spent in this place.
 C = Inter-level travel time spent in this place.
 D = Time resting spent in this place.
 E = Time spent auto-exploring this place.
 F = Levels seen in this place.
 G = Mean time per level.
                   A        B        C        D        E       F      G
               +--------+--------+--------+--------+--------+-----+--------+
         Total |   7788 |   7481 |    307 |    540 |   5158 |  10 |  778.8 |
       Dungeon |   7252 |   6946 |    306 |    540 |   5024 |   8 |  906.5 |
        Temple |     11 |     11 |      0 |      0 |      2 |   1 |   11.0 |
         Sewer |    523 |    523 |      0 |      0 |    132 |   1 |  523.0 |
               +--------+--------+--------+--------+--------+-----+--------+

Top non-repeatable levels by time:
     D:3: 1286 daAuts
     D:5: 1283 daAuts
     D:6: 1229 daAuts
     D:7: 913 daAuts
     D:2: 906 daAuts
     D:4: 851 daAuts
     D:1: 759 daAuts
   Sewer: 523 daAuts
     D:8: 21 daAuts
  Temple: 11 daAuts
